 Dungeon Crawl Stone Soup version 0.25-a0-413-g3b4b6a4ccc (webtiles) character file.

Game seed: 14956236916602911937, levelgen mode: deterministic

26 Borgoz the Skirmisher (level 3, -8/23 HPs)
             Began as a Gargoyle Berserker on Jan 16, 2020.
             Was a Follower of Trog.
             Mangled by Sigmund
             ... wielding a +0 scythe
              (10 damage)
             ... on level 2 of the Dungeon.
             The game lasted 00:01:17 (981 turns).

Borgoz the Skirmisher (Gargoyle Berserker)           Turns: 981, Time: 00:01:17

Health: -8/23      AC:  9    Str: 22    XL:     3   Next: 8%
Magic:  3/3        EV: 11    Int: 12    God:    Trog [*.....]
Gold:   19         SH:  0    Dex: 10    Spells: 2/2 levels left

rFire    . . .     SeeInvis .   a - +0 mace
rCold    . . .     Gourm    .   (no shield)
rNeg     + . .     Faith    .   h - +0 scale mail
rPois    ∞         Spirit   .   (no helmet)
rElec    +         Reflect  .   (no cloak)
rCorr    .         Harm     .   (no gloves)
MR       .....                  (no boots)
Stlth    ..........             (no amulet)
HPRegen  0.07/turn              (no ring)
MPRegen  0.08/turn              (no ring)

@: confused, brilliant, berserk cooldown, slowed, very slow
A: negative energy resistance 1, electricity resistance, strong 1, unbreathing,
petrification resistance, rot immunity, sturdy frame 1, AC +3
a: Berserk, Renounce Religion


You were on level 2 of the Dungeon.
You worshipped Trog.
Trog was aware of your devotion.
You were very hungry.

You visited 1 branch of the dungeon, and saw 2 of its levels.

You collected 19 gold pieces.

Inventory:

Hand Weapons
 a - a +0 mace (weapon)
Armour
 h - a +0 scale mail (worn)
Scrolls
 b - a scroll of remove curse {unknown}
 i - a scroll of amnesia {unknown}
 j - a scroll of teleportation {unknown}
Potions
 e - a potion of mutation
Comestibles
 c - 2 rations
 f - 2 chunks of flesh


   Skills:
 + Level 3.5 Fighting
 * Level 3.3 Maces & Flails
 + Level 2.5 Armour
 * Level 2.1 Dodging


You had 2 spell levels left.
You didn't know any spells.
Your spell library was empty.

Dungeon Overview and Level Annotations

Branches:
Dungeon (2/15)

Altars:

Annotations:
D:2 Sigmund


Innate Abilities, Weirdness & Mutations

You are resistant to torment.
Your stone body is resilient. (AC +3)
You are immune to poison.
You resist negative energy. (rN+)
You are resistant to electric shocks. (rElec)
You can survive without breathing.
You are immune to petrification.
You are immune to rotting.
Your muscles are strong. (Str +2)
Your movements are slightly less encumbered by armour. (ER -2)


Message History

You feel clever all of a sudden. Something hits you!
It was a potion of mutation.
You feel extremely strange.
You feel less encumbered by your armour.
You feel stronger.
You hear some strange, mumbled words.
Something tries to affect you, but you resist.
Something hits you.
It was a potion of curing.
You feel better. Something hits you.
You hear some strange, mumbled words.
You are confused.
You bump into the rock wall.
Something hits you but does no damage.
You bump into the rock wall.
Something hits you!
* * * LOW HITPOINT WARNING * * *
Okay, then.
You bump into the rock wall.
Something hits you but does no damage.
Unknown command.
Okay, then.
You bump into the rock wall.
Something hits you!
You die...

#.# #.# #.# #.#
#####.###.# .^.....##.#
#####..##.#
#..##.###########
#####..##.##.........
[.......#.#...###########
#####.......#...@.{b.....
.......####<..##########.
######.# ##### #.# #.#
#.# #.# #.


You could see a bat.

Vanquished Creatures
  3 dart slugs (D:1)
  A leopard gecko (D:1)
  A giant cockroach (D:1)
  2 goblins (D:1)
  2 hobgoblins (D:1)
  2 kobolds (D:1)
  3 bats (D:1)
  5 rats (D:1)
19 creatures vanquished.

Notes
Turn   | Place    | Note
-------+----------+-------------------------------------------
     0 | D:1      | Borgoz the Gargoyle Berserker began the quest for the Orb.
     0 | D:1      | Reached XP level 1. HP: 14/14 MP: 1/1
    65 | D:1      | Reached XP level 2. HP: 3/19 MP: 2/2
   816 | D:1      | Reached XP level 3. HP: 23/23 MP: 3/3
   962 | D:2      | Noticed Sigmund
   975 | D:2      | Gained mutation: Your movements are slightly less
                  | encumbered by armour. (ER -2) [potion of mutation]
   975 | D:2      | Gained mutation: Your muscles are strong. (Str +2) [potion
                  | of mutation]
   981 | D:2      | Mangled by Sigmund

Levels and vault maps discovered:
D:1:      lightli_arrival_boilingwater, layout_basic, kennysheep_another_room
D:2:      layout_loops_ring, elyvilon_altar_3, lemuel_crystal_altar,
          evilmike_ruin_ashenzari, uniq_sigmund

Skill      XL: |  1  2 |
---------------+-------+-----
Dodging        | 2 |  2.1
Fighting       | |  3.5
Maces & Flails | |  3.3
Armour         | |  2.5

Action                   || total
-------------------------++-------
Melee: Mace              ||    65
Invok: Berserk           ||     2
  Use: Potion            ||     3
  Eat: Chunk             ||     1
Armor: Animal skin       ||     3
       Scale mail        ||    35
Dodge: Dodged            ||    38

Table legend:
 A = Non-vault XP
 B = Vault XP
 C = Vault XP percentage of total XP
 D = Non-vault monster count
 E = Vault monster count
 F = Vault count percentage of total count
                 A         B        C        D         E       F
            +---------+---------+-------+---------+---------+-------
      Total |      38 |       0 |   0.0 |      19 |       0 |   0.0
            +---------+---------+-------+---------+---------+-------
        D:1 |      38 |       0 |   0.0 |      19 |       0 |   0.0
            +---------+---------+-------+---------+---------+-------
